 Dungeon Crawl Stone Soup version 0.31-a0-799-g6bc09d010c (webtiles) character file.

Game seed: 14952461409825940230

10 cforsyth the Sneak (level 2, -1/25 HPs)
             Began as a Djinni Delver on Sept 20, 2023.
             Slain by a gnoll sergeant
             ... wielding a +0 trident
              (10 damage)
             ... on level 5 of the Dungeon.
             The game lasted 00:01:48 (334 turns).

cforsyth the Sneak (Djinni Delver)                   Turns: 334, Time: 00:01:48

Health: -1/25      AC:  3    Str: 11    XL:     2   Next: 30%
Gold:   12         EV: 12    Int: 11    God:
                   SH:  0    Dex: 14

rFire   + + .        i - +2 sling (heavy)
rCold   x . .        (no shield)
rNeg    . . .        b - +0 leather armour
rPois   ∞            (no helmet)
rElec   .            (no cloak)
rCorr   .            (no gloves)
SInv    .            (boots unavailable)
Will    .....        (no amulet)
Stlth   ++           (no ring)
HPRegen 0.24/turn    (no ring)
MPRegen 0.00/turn

%: infuse magic (-2 HP)
@: flying, hasted, very quick
A: sickness immunity, fire resistance 2, cold vulnerability 1, float, innate
caster, HP casting, extra vitality 1
a: no special abilities


You were on level 5 of the Dungeon.
You visited 1 branch of the dungeon, and saw 2 of its levels.

You collected 12 gold pieces.

Inventory:

Hand Weapons
 a - a +0 falchion
 i - a +2 heavy sling (weapon)
Armour
 b - a +0 leather armour (worn)
Wands
 g - a wand of digging (3)
Scrolls
 c - a scroll of fog
 d - a scroll of revelation


   Skills:
 + Level 3.3 Fighting
 - Level 1.7 Long Blades
 - Level 2.1 Dodging
 - Level 4.1 Stealth
 + Level 0.7 Spellcasting
 + Level 0.7 Conjurations
 + Level 0.7 Hexes
 + Level 0.7 Summonings
 + Level 0.7 Necromancy
 + Level 0.7 Translocations
 + Level 0.7 Transmutations
 + Level 0.7 Fire Magic
 + Level 0.7 Ice Magic
 + Level 0.7 Air Magic
 + Level 0.7 Earth Magic
 + Level 0.7 Poison Magic You didn't know any spells. Your spell library was empty.

Dungeon Overview and Level Annotations

Branches:
Dungeon (6/15)             Temple (0/1) D:5

Altars:
Ru


Innate Abilities, Weirdness & Mutations

You are immune to sickness and miasma.
You are immune to poison.
Your flesh is very heat resistant. (rF++)
You are vulnerable to cold. (rC-)
You float through the air rather than walking.
You learn spells naturally, not from books.
Your magical power is your life essence.
You have superior vitality. (+4 MHP)


Message History

You start resting.
HP restored.
There is a stone staircase leading up here.
You fly upwards.
The gnoll barely misses you.
There is a stone staircase leading down here.
The gnoll hits you with a +0 whip.
You fly downwards.
There is a stone staircase leading up here.
You shoot a sling bullet. The sling bullet hits the gnoll!
You kill the gnoll!
You have reached level 2!
Things that are here:
a +0 whip; a gnoll corpse You start resting.
HP restored.
There is a stone staircase leading up here.
You fly upwards.
The gnoll sergeant hits you from afar with a +0 trident!
The gnoll hits you with a +0 whip!
* * * LOW HITPOINT WARNING * * *
There is a stone staircase leading down here.
As you read the scroll of fear, it crumbles to dust.
You assume a fearsome visage.
The gnoll sergeant looks frightened!
The gnoll looks frightened!
You see here a +0 robe.
The adder completely misses you. The adder attacks as it pursues you!
The adder misses you. The adder attacks as it pursues you! The adder bites you.
* * * LOW HITPOINT WARNING * * *
The adder closely misses you. The adder completely misses you.
Okay, then.
Okay, then.
You feel yourself speed up. The adder misses you.
An iguana comes into view. 2 iguanas come into view.
Found a stone staircase leading up.
The iguana hisses angrily.
The gnoll sergeant hits you from afar with a +0 trident!
You die...

....##.# ##.l#.# #.###
#..####..###.....# #.##. ##.
#..##S.....# #gg>.
#...####..##.#....# #..#.
..........##l####.'.. #....
.....####....# #..#.. #.^##
....#####l######..#######.##
. #.....................g#
..........@....l....#.###
........#.##g.........#
.#.##.....##..l.......# ..
.....####.........##
...#....####.........# #
##................## ##.#.#
##.........#### #####
#....####.............## .
..# ##...#
#.....###...###...


You could see a gnoll sergeant and 3 iguanas.

Vanquished Creatures
  A gnoll (D:6)
  A quokka (D:5)
2 creatures vanquished.

Notes
Turn   | Place    | Note
-------+----------+-------------------------------------------
     0 | D:5      | cforsyth the Djinni Delver began the quest for the Orb.
     0 | D:5      | Reached XP level 1. HP: 20/20 MP: 0/0
   102 | D:5      | Found a staircase to the Ecumenical Temple.
   102 | D:5      | Noticed a gnoll sergeant
   156 | D:5      | Noticed an iguana
   174 | D:5      | Noticed a steam dragon
   202 | D:5      | Found a sacrificial altar of Ru.
   221 | D:5      | Noticed a scorpion
   262 | D:6      | Noticed an iguana
   297 | D:6      | Reached XP level 2. HP: 23/25 MP: 0/0
   334 | D:5      | Slain by a gnoll sergeant

Illustrated notes

Levels and vault maps discovered:
D:5:      dreamdust_elfheim, layout_rooms, gammafunk_temple_overflow_statue,
          mainiacjoe_overflow_alcove_4, minmay_temple_entry_hall,
          kennysheep_generic_room_5
D:6:      gammafunk_wand_slinger, layout_basic, kennysheep_okawaru_gauntlet,
          uniq_grinder

Action                     || total
---------------------------++-------
  Melee: Falchion          ||     6
   Fire: Sling             ||     2
    Use: Scroll            ||     2
         Potion            ||     1
   Stab: Sleeping          ||     1
 Armour: Leather armour    ||    16
  Dodge: Dodged            ||     8

Table legend: (Time is in decaauts)
 A = Elapsed time spent in this place.
 B = Non-inter-level travel time spent in this place.
 C = Inter-level travel time spent in this place.
 D = Time resting spent in this place.
 E = Time spent auto-exploring this place.
 F = Levels seen in this place.
 G = Mean time per level.
                   A        B        C        D        E       F      G
               +--------+--------+--------+--------+--------+-----+--------+
         Total |    333 |    333 |      0 |     38 |     89 |   2 |  166.5 |
       Dungeon |    333 |    333 |      0 |     38 |     89 |   2 |  166.5 |
               +--------+--------+--------+--------+--------+-----+--------+

Top non-repeatable levels by time:
     D:5: 271 daAuts
     D:6: 61 daAuts
